 Dungeon Crawl Stone Soup version 0.31-a0-369-g8eba5f6939 (console) character file.

Game seed: 262624870109480585

5808 jejorda2 the Grappler (level 10, -6/82 HPs)
             Began as a Gnoll Berserker on July 28, 2023.
             Was an Elder of Trog.
             Mangled by an orc warrior
             ... wielding a +0 glaive
              (20 damage)
             ... on level 10 of the Dungeon.
             The game lasted 00:24:50 (9577 turns).

jejorda2 the Grappler (Gnoll Berserker)             Turns: 9577, Time: 00:24:51

Health: -6/82      AC: 19    Str: 20 (22) XL:     10   Next: 79%
Magic:  18/18      EV:  8    Int:  5 (6)  God:    Trog [****..]
Gold:   540        SH:  0    Dex:  8 (11) Spells: 20/20 levels left

rFire   . . .        w - +0 broad axe
rCold   . . .        (no shield)
rNeg    . . .        j - +0 plate armour
rPois   .            y - +0 helmet
rElec   .            r - +0 cloak
rCorr   .            i - +2 pair of gloves
SInv    .            (no boots)
Will    .....        k - amulet of the acrobat Stlth
                     g - ring of flight
HPRegen 0.33/turn    (no ring)
MPRegen 0.16/turn

%: acrobat
@: mighty, on berserk cooldown, flying, slowed, very slow
A: fangs 1, strong nose, distributed training
a: Renounce Religion, Berserk, Trog's Hand, Brothers in Arms


You were on level 10 of the Dungeon.
You worshipped Trog.
Trog was greatly pleased with you.
You visited 1 branch of the dungeon, and saw 10 of its levels.

You collected 540 gold pieces.

Inventory:

Hand Weapons
 a - a +3 morningstar
 b - the +9 sling of the Oracle {elec, rPois Dex+3}
   (You found it on level 5 of the Dungeon)

   Dex:       It affects your dexterity (+3).
   rPois:     It protects you from poison.
 w - a +0 broad axe (weapon)
Missiles
 l - 3 curare-tipped darts
 p - 3 atropa-tipped darts
 s - 15 poisoned darts
 t - 11 boomerangs
 A - 3 silver javelins
 G - 3 boomerangs of dispersal
Armour
 i - a +2 pair of gloves (worn)
 j - a +0 plate armour (worn)
 r - a +0 cloak (worn)
 y - a +0 helmet (worn)
Jewellery
 g - a ring of flight (left hand)
 k - an amulet of the acrobat (around neck)
 C - a +6 ring of strength
Wands
 h - a wand of digging (7)
 B - a wand of charming (32)
Scrolls
 m - 2 scrolls of fear
 q - 3 scrolls of immolation
 u - 2 scrolls of enchant weapon
 x - a scroll of butterflies
 z - a scroll of silence
Potions
 c - 5 potions of haste
 e - 5 potions of curing
 n - 4 potions of berserk rage
 o - 3 potions of might
 v - 2 potions of ambrosia
 D - a potion of enlightenment {unknown}


   Skills:
 + Level 8.8 Fighting
 + Level 5.7 Short Blades
 + Level 5.7 Long Blades
 + Level 5.7 Axes
 + Level 5.7 Maces & Flails
 + Level 5.7 Polearms
 + Level 5.7 Staves
 + Level 5.7 Ranged Weapons
 + Level 5.7 Throwing
 + Level 7.4 Armour
 + Level 7.4 Dodging
 + Level 5.7 Stealth
 + Level 5.7 Shields
 + Level 8.8 Unarmed Combat
 + Level 5.7 Spellcasting
 + Level 4.7 Conjurations
 + Level 4.7 Hexes
 + Level 4.7 Summonings
 + Level 4.7 Necromancy
 + Level 4.7 Translocations
 + Level 4.7 Transmutations
 + Level 4.7 Fire Magic
 + Level 4.7 Ice Magic
 + Level 4.7 Air Magic
 + Level 4.7 Earth Magic
 + Level 4.7 Poison Magic
 + Level 6.2 Invocations
 + Level 5.7 Evocations
 + Level 4.7 Shapeshifting


You had 20 spell levels left.
You didn't know any spells.
Your spell library was empty.

Dungeon Overview and Level Annotations

Branches:
Dungeon (10/15)            Temple (0/1) D:6
   Lair: D:8-11         Orc: D:9-12

Altars:
Dithmenos
Hepliaklqana
Kikubaaqudgha
Makhleb
Okawaru
Qazlal
Ru
Uskayaw
Vehumet
Wu Jian
Xom
Zin

Shops:
D:6 *

Annotations:
D:4 3 runed translucent doors, CraigForest's ghost, novice TrSh
D:8 4 transporters


Innate Abilities, Weirdness & Mutations

You have very sharp teeth.
Your uncanny sense of smell can sniff out nearby items.
Your experience applies equally to all skills.


Message History

You slash the orc warrior! You hit the orc.
You kill the orc!
Trog accepts your kill.
The orc no longer looks unusually strong.
The orc warrior no longer looks unusually strong.
The orc warrior barely misses you.
The orc knight hits you but does no damage.
The orc warrior barely misses you.
The orc knight hits you with a +0 war axe!
* * * LOW HITPOINT WARNING * * *
The gargoyle hurls a stone arrow at you.
The stone arrow misses you.
It was a potion of degeneration.
There was something very wrong with that liquid.
You feel weakened.
You feel dopey.
You feel clumsy.
The orc knight hits you but does no damage.
The orc warrior hits you with a +0 glaive.
* * * LOW HITPOINT WARNING * * *
The gargoyle hits you but does no damage.
It was a potion of heal wounds.
You feel much better.
The orc warrior hits you but does no damage.
The gargoyle misses you.
The orc knight roars a battlecry!
The orcs go into a battle-frenzy!
The orc warrior hits you with a +0 glaive.
The gargoyle hits you but does no damage.
The orc knight barely misses you.
Unknown command.
You hit the orc knight but do no damage.
The orc knight is moderately wounded.
You hit the orc warrior but do no damage.
You slash the gargoyle!
The orc knight hits you with a +0 war axe.
The orc warrior hits you with a +0 glaive!
* * * LOW HITPOINT WARNING * * *
The gargoyle hurls a stone arrow at you.
The stone arrow hits you.
* * * LOW HITPOINT WARNING * * *
The orc warrior hits you with a +0 glaive!!
You die...

...# ###.......#
....## ##.....###.
....§§######........
....§☼○§..†.........
....§§§§###########.
....§§§§☼##
....§§§○○☼#####
....○§§☼☼§§o9o#
....§§§☼○§o@#..o..
....§§§○§☼§## ...∆
....§§○☼§§## .
....☼○☼○☼§#
...○§○§☼## ...§§§§##
..§§§# ☼§#


You could see an orc knight, an orc warrior (strong), a gargoyle and an orc
(strong).

Vanquished Creatures
  2 trolls
  A hornet (D:9)
  7 yaks
  A wyvern (D:6)
  A vampire mosquito (D:8)
  An acid dragon (D:8)
  3 ice beasts
  2 sky beasts
  A black bear (D:6)
  4 orc warriors
  2 ogres
  A centaur (D:6)
  A kobold brigand (D:9)
  2 bullfrogs
  2 scorpions
  14 wights
  10 killer bees
  2 howler monkeys
  A crimson imp (D:5)
  A jelly (D:6)
  Crazy Yiuf (D:3)
  7 hounds
  5 orc priests
  3 iguanas
  2 sleepcaps
  Jessica (D:3)
  Natasha (thrice) (D:2)
  6 orc wizards
  7 adders
  3 shadow imps
  3 ufetubi
  A worm (D:2)
  4 dart slugs
  30 orcs
  5 ball pythons
  7 endoplasms
  7 giant cockroaches
  11 goblins
  10 hobgoblins
  6 jackals
  3 quokkas
  4 bats
  2 frilled lizards
  10 kobolds
  3 rats
203 creatures vanquished.

Notes
Turn   | Place    | Note
-------+----------+-------------------------------------------
     0 | D:1      | jejorda2 the Gnoll Berserker began the quest for the Orb.
     0 | D:1      | Reached XP level 1. HP: 23/23 MP: 1/1
   520 | D:1      | Reached XP level 2. HP: 27/29 MP: 2/2
  1064 | D:2      | Reached XP level 3. HP: 28/35 MP: 3/3
  1184 | D:2      | Reached ** piety under Trog
  1185 | D:2      | Reached skill level 1 in Invocations
  1205 | D:2      | Noticed Natasha
  1290 | D:2      | Killed Natasha
  1291 | D:2      | Reached skill level 1 in Short Blades
  1291 | D:2      | Reached skill level 1 in Long Blades
  1291 | D:2      | Reached skill level 1 in Axes
  1291 | D:2      | Reached skill level 1 in Maces & Flails
  1291 | D:2      | Reached skill level 1 in Polearms
  1291 | D:2      | Reached skill level 1 in Staves
  1291 | D:2      | Reached skill level 1 in Ranged Weapons
  1291 | D:2      | Reached skill level 1 in Throwing
  1291 | D:2      | Reached skill level 1 in Stealth
  1291 | D:2      | Reached skill level 1 in Shields
  1291 | D:2      | Reached skill level 1 in Spellcasting
  1291 | D:2      | Reached skill level 1 in Evocations
  1291 | D:2      | Reached XP level 4. HP: 41/41 MP: 5/5
  1359 | D:2      | Noticed Natasha
  1367 | D:2      | Killed Natasha
  1368 | D:2      | Reached skill level 1 in Conjurations
  1368 | D:2      | Reached skill level 1 in Hexes
  1368 | D:2      | Reached skill level 1 in Summonings
  1368 | D:2      | Reached skill level 1 in Necromancy
  1368 | D:2      | Reached skill level 1 in Translocations
  1368 | D:2      | Reached skill level 1 in Transmutations
  1368 | D:2      | Reached skill level 1 in Fire Magic
  1368 | D:2      | Reached skill level 1 in Ice Magic
  1368 | D:2      | Reached skill level 1 in Air Magic
  1368 | D:2      | Reached skill level 1 in Earth Magic
  1368 | D:2      | Reached skill level 1 in Poison Magic
  1368 | D:2      | Reached skill level 1 in Shapeshifting
  1496 | D:2      | Noticed Natasha
  1507 | D:2      | Killed Natasha
  1508 | D:2      | Reached XP level 5. HP: 42/47 MP: 5/7
  2244 | D:3      | Found a faded altar of an unknown god.
  2286 | D:3      | Noticed Jessica
  2291 | D:3      | Killed Jessica
  2308 | D:3      | Found a runed translucent door.
  2309 | D:3      | Noticed Crazy Yiuf
  2315 | D:3      | Killed Crazy Yiuf
  2316 | D:3      | Reached XP level 6. HP: 53/53 MP: 8/8
  2878 | D:4      | Reached skill level 5 in Armour
  2878 | D:4      | Reached skill level 5 in Dodging
  2995 | D:4      | Found a runed translucent gate.
  3028 | D:4      | Found a runed translucent gate.
  3029 | D:4      | Found a runed translucent gate.
  3038 | D:4      | Noticed CraigForest's ghost (novice TrSh)
  3091 | D:4      | Reached *** piety under Trog
  3226 | D:4      | Found an ancient bone altar of Kikubaaqudgha.
  3285 | D:4      | Found a radiant altar of Vehumet.
  3563 | D:4      | Reached XP level 7. HP: 59/59 MP: 10/10
  3752 | D:5      | Entered Level 5 of the Dungeon
  3779 | D:5      | Found a sacrificial altar of Ru.
  3870 | D:5      | Found a stormy altar of Qazlal.
  3965 | D:5      | Identified the +9 sling of the Oracle {elec, rPois Dex+3}
  4326 | D:5      | Found a burning altar of Makhleb.
  4327 | D:5      | Found a shimmering altar of Xom.
  4427 | D:5      | Found a hide-covered altar of Uskayaw.
  4605 | D:6      | Found a staircase to the Ecumenical Temple.
  4682 | D:6      | Reached XP level 8. HP: 51/67 MP: 12/12
  4982 | D:6      | Identified the +5 robe of the Apple {Fly rN+}
  5134 | D:6      | Found Zin's Purification Station.
  5136 | D:6      | Found a glowing silver altar of Zin.
  5200 | D:6      | Found a hazy altar of Hepliaklqana.
  5201 | D:6      | Found a shadowy altar of Dithmenos.
  5201 | D:6      | Noticed a shadow
  5336 | D:7      | Noticed a wyvern
  5349 | D:6      | Killed a wyvern
  5353 | D:6      | Reached XP level 9. HP: 50/73 MP: 14/14
  5597 | D:6      | loot past rock
  6017 | D:7      | Found an iron altar of Okawaru.
  6584 | D:8      | Found a transporter.
  6585 | D:8      | Found a transporter.
  6799 | D:8      | Found a transporter.
  6901 | D:8      | Reached skill level 5 in Invocations
  6905 | D:8      | Reached **** piety under Trog
  7183 | D:8      | Reached XP level 10. HP: 80/80 MP: 17/17
  7388 | D:8      | Found a transporter.
  7531 | D:8      | Reached skill level 5 in Short Blades
  7531 | D:8      | Reached skill level 5 in Long Blades
  7531 | D:8      | Reached skill level 5 in Axes
  7531 | D:8      | Reached skill level 5 in Maces & Flails
  7531 | D:8      | Reached skill level 5 in Polearms
  7531 | D:8      | Reached skill level 5 in Staves
  7531 | D:8      | Reached skill level 5 in Ranged Weapons
  7531 | D:8      | Reached skill level 5 in Throwing
  7531 | D:8      | Reached skill level 5 in Stealth
  7531 | D:8      | Reached skill level 5 in Shields
  7531 | D:8      | Reached skill level 5 in Spellcasting
  7531 | D:8      | Reached skill level 5 in Evocations
  8229 | D:9      | Found an ornate altar of the Wu Jian Council.
  9270 | D:10     | Entered Level 10 of the Dungeon
  9553 | D:10     | Noticed an orc knight
  9565 | D:10     | Noticed a gargoyle
  9577 | D:10     | Mangled by an orc warrior

Illustrated notes ###.....######.## #........##...... ###'##..........# ### #...####.......# #$.∆ #...##.#......## #ylh

##...#..........#
∆Oo##....#.##..#...<#
###...##.###.####..
###@...######.#####.
####.....## #..##....
###.......## #........
#.'......## #####.......
#.#....### #..##.......
#.############...#.......
#.# ##.........#..#...
#.### #..........##(##..
#...#####................


Turn 5597 on D:6: loot past rock

Levels and vault maps discovered:
D:1:      dpeg_arrival_leaves_temple_mockup, layout_basic,
          kennysheep_crisscross, minivault_27
D:2:      layout_basic, minmay_tall_x, uniq_natasha
D:3:      layout_basic, hellmonk_ecumenical_altar_blasted, st_stairs_8,
          uniq_jessica, uniq_crazy_yiuf_cottage
D:4:      layout_gridville, general_overflow_altar, lemuel_crystal_altar,
          gammafunk_ghost_necromancy
D:5:      layout_loops_ring, grunt_temple_overflow_champion_of_chaos,
          kennysheep_mini_moat, mainiacjoe_overflow_alcove_1,
          overflow_temple_1_default, hangedman_abyss_or_decor_jellyfish_corner
D:6:      layout_cave_pools, riverfiend_overflow_shadow_ancestor, zin_purify,
          temple_pool_b, lightli_corner_chamber
D:7:      layout_rooms, okawaru_ov_weapons_minmay, hex_tiny
D:8:      minmay_clustersquares, layout_basic, nicolae_diode_quadrants
D:9:      layout_cave_pods, overflow_temple_1_default
D:10:     layout_cave_pods, orc_david_3, minmay_microvault, uniq_grum,
          uniq_sonja

Skill      XL: |  1  2  3  4  5  6  7  8  9 10 |
---------------+-------------------------------+-----
Invocations    | 1 2 3 4 5 6 |  6.2
Short Blades   | 1 2 3 4 5 |  5.7
Long Blades    | 1 2 3 4 5 |  5.7
Axes           | 1 2 3 4 5 |  5.7
Maces & Flails | 1 2 3 4 5 |  5.7
Polearms       | 1 2 3 4 5 |  5.7
Staves         | 1 2 3 4 5 |  5.7
Ranged Weapons | 1 2 3 4 5 |  5.7
Throwing       | 1 2 3 4 5 |  5.7
Stealth        | 1 2 3 4 5 |  5.7
Shields        | 1 2 3 4 5 |  5.7
Spellcasting   | 1 2 3 4 5 |  5.7
Evocations     | 1 2 3 4 5 |  5.7
Conjurations   | 1 2 3 4 |  4.7
Hexes          | 1 2 3 4 |  4.7
Summonings     | 1 2 3 4 |  4.7
Necromancy     | 1 2 3 4 |  4.7
Translocations | 1 2 3 4 |  4.7
Transmutations | 1 2 3 4 |  4.7
Fire Magic     | 1 2 3 4 |  4.7
Ice Magic      | 1 2 3 4 |  4.7
Air Magic      | 1 2 3 4 |  4.7
Earth Magic    | 1 2 3 4 |  4.7
Poison Magic   | 1 2 3 4 |  4.7
Shapeshifting  | 1 2 3 4 |  4.7
Armour         | 5 6 7 |  7.4
Dodging        | 5 6 7 |  7.4
Fighting       | 7 8 |  8.8
Unarmed Combat | 7 8 |  8.8

Action                     |  1- 3 |  4- 6 |  7- 9 | 10-12 || total
---------------------------+-------+-------+-------+-------++-------
  Melee: Unarmed           |    81 |   134 |       |       ||   215
         Bite              |     9 |    10 |     9 |    17 ||    45
         Punch             |     2 |     3 |       |     4 ||     9
         Great mace        |       |     6 |   114 |     8 ||   128
         War axe           |       |       |     2 |     2 ||     4
         Morningstar       |       |       |       |   100 ||   100
         Broad axe         |       |       |       |     8 ||     8
   Fire: Sling             |       |       |   143 |    68 ||   211
 Invoke: Berserk           |     1 |     3 |     4 |     3 ||    11
         Trog's Hand       |     1 |       |     1 |       ||     2
         Brothers in Arms  |       |       |       |     1 ||     1
  Evoke: Wand              |       |       |       |     1 ||     1
    Use: Scroll            |       |       |    15 |     2 ||    17
         Potion            |       |       |       |     3 ||     3
   Stab: Sleeping          |       |     1 |       |       ||     1
 Armour: Animal skin       |     1 |       |       |       ||     1
         Leather armour    |    10 |       |       |       ||    10
         Ring mail         |       |    35 |       |       ||    35
         Chain mail        |       |       |   133 |     1 ||   134
         Plate armour      |       |       |       |   136 ||   136
  Dodge: Dodged            |    45 |    71 |   162 |   118 ||   396

Table legend: (Time is in decaauts)
 A = Elapsed time spent in this place.
 B = Non-inter-level travel time spent in this place.
 C = Inter-level travel time spent in this place.
 D = Time resting spent in this place.
 E = Time spent auto-exploring this place.
 F = Levels seen in this place.
 G = Mean time per level.
                   A        B        C        D        E       F      G
               +--------+--------+--------+--------+--------+-----+--------+
         Total |   9833 |   9229 |    604 |    967 |   6587 |  10 |  983.3 |
       Dungeon |   9833 |   9229 |    604 |    967 |   6587 |  10 |  983.3 |
               +--------+--------+--------+--------+--------+-----+--------+

Top non-repeatable levels by time:
     D:8: 1508 daAuts
     D:6: 1327 daAuts
     D:9: 1132 daAuts
     D:1: 1049 daAuts
     D:3: 1017 daAuts
     D:4: 908 daAuts
     D:5: 889 daAuts
     D:7: 886 daAuts
     D:2: 793 daAuts
    D:10: 320 daAuts
